 Dungeon Crawl Stone Soup version 0.31-a0-803-g95b03c3367 (webtiles) character file.

Game seed: 8490054704668147168

86 night the Shooter (level 4, -3/27 HPs)
             Began as a Kobold Hexslinger on Sept 21, 2023.
             Slain by Sigmund
             ... wielding a +0 scythe
              (11 damage)
             ... on level 3 of the Dungeon.
             The game lasted 00:05:01 (2648 turns).

night the Shooter (Kobold Hexslinger)               Turns: 2648, Time: 00:05:01

Health: -3/27      AC:  3    Str:  5    XL:     4   Next: 77%
Magic:  1/5        EV: 15    Int: 16    God:
Gold:   144        SH:  0    Dex: 17    Spells: 0/5 levels left

rFire   . . .        a - +1 sling
rCold   . . .        (no shield)
rNeg    + . .        l - +0 robe {rN+}
rPois   .            o - +0 helmet
rElec   .            (no cloak)
rCorr   .            (no gloves)
SInv    .            (no boots)
Will    .....        (no amulet)
Stlth   ++           (no ring)
HPRegen 0.24/turn    (no ring)
MPRegen 0.09/turn

%: no passive effects
@: confused
A: small, no large weapons, nightstalker 3
a: no special abilities


You were on level 3 of the Dungeon.
You visited 1 branch of the dungeon, and saw 3 of its levels.

You collected 144 gold pieces.

Inventory:

Hand Weapons
 a - a +1 sling (weapon)
Missiles
 d - 60 stones
 j - a throwing net
 n - 6 poisoned darts
Armour
 c - a +0 robe
 l - a +0 robe of positive energy (worn)
 o - a +0 helmet (worn)
Jewellery
 i - a ring of positive energy
 s - an amulet of the acrobat
Scrolls
 b - a scroll of poison
 e - 3 scrolls of identify {unknown}
 h - a scroll of acquirement {unknown}
 m - a scroll of revelation {unknown}
 p - 2 scrolls of blinking {unknown}
 q - a scroll of enchant weapon {unknown}
 r - a scroll of fog {unknown}
 v - a scroll of enchant armour {unknown}
 w - a scroll of amnesia {unknown}
Potions
 f - a potion of mutation {unknown}
 g - a potion of magic {unknown}
 k - 3 potions of brilliance {unknown}
 t - a potion of lignification {unknown}
 u - a potion of invisibility {unknown}


   Skills:
 + Level 2.8 Fighting
 + Level 4.0 Ranged Weapons
 - Level 2.4 Dodging
 - Level 1.1 Spellcasting
 + Level 3.7 Hexes
 - Level 1.0 Fire Magic


You couldn't memorise any spells.
You knew the following spells:

 Your Spells              Type           Power      Damage    Failure   Level
a - Jinxbite              Hex            24%        N/A       8%          2
b - Sigil of Binding      Hex            12%        N/A       14%         3

Your spell library contained the following spells:

 Spells                   Type           Power      Damage    Failure   Level
 Magic Dart               Conj           0%         1d3       22%         1
 Inner Flame              Hex/Fire       8%         N/A       26%         3
 Call Imp                 Summ           0%         N/A       34%         2
 Cause Fear               Hex            6%         N/A       43%         4
 Mephitic Cloud           Conj/Pois/Air  0%         N/A       56%         3
 Dimensional Bullseye     Hex/Tloc       3%         N/A       71%         4


Dungeon Overview and Level Annotations

Branches:
Dungeon (3/15)

Altars:
Cheibriados

Annotations:
D:3 Sigmund


Innate Abilities, Weirdness & Mutations

You are small and have problems with some larger weapons.
You are completely attuned to the shadows.


Message History

Casting: Jinxbite (safe; 8% risk of failure)
Confirm with . or Enter, or press ? or * to list all spells.
You inscribe a pair of binding sigils nearby!
Sigmund screams, "Only death can liberate you!"
The endoplasm freezes you.
You are frozen.
Unknown command.
The endoplasm attacks as it pursues you!
The endoplasm misses you.
The endoplasm moves over your binding sigil and is bound in place!
The endoplasm attacks as it pursues you!
The endoplasm hits you but does no damage.
Sigmund asks, "Do you like me?" The endoplasm freezes you.
You are frozen.
Sigmund misses you.
Sigmund moves over your binding sigil and is bound in place!
You shoot a sling bullet. The sling bullet hits the endoplasm.
The endoplasm is lightly wounded.
You shoot a sling bullet.
The sling bullet barely misses the endoplasm.
The endoplasm hits you but does no damage.
You shoot a sling bullet. The sling bullet hits the endoplasm.
You kill the endoplasm!
You start resting.
Sigmund is nearby!
Sigmund points at you and mumbles some strange words.
The puff of flame hits you!
* * * LOW HITPOINT WARNING * * *
Casting: Sigil of Binding (quite dangerous; 14% risk of failure)
Confirm with . or Enter, or press ? or * to list all spells.
You inscribe a pair of binding sigils nearby!
Sigmund mumbles some strange words.
Sigmund flickers and vanishes!
Deactivating autopickup; reactivate with Ctrl-A.
Found a scroll labelled KIORRY ZANAROU.
You hear some strange, mumbled words.
You are confused.
You bump into the rock wall.
Something hits you!
You die...

.#####.#################
#..........^......#
#..@...####...###.#
#.####.....^....#.#
####.# ######...#.#.#
.....#### ####.##.#.#
......... ..?..##>#.#
......... ####.##.#.#
.>...###. #@##.#.#
#....## #.##.#.#
....#.###.# ##.##...#
...###.##.####.......#
..# ##........#####.# ..
##.##.###..# #.#
#..........# #.#
#.####.####.# ## #.# #.#


There were no monsters in sight!

Vanquished Creatures
  2 adders (D:2)
  A worm (D:2)
  A dart slug (D:2)
  An orc (D:3)
  4 endoplasms
  4 giant cockroaches
  4 goblins
  6 hobgoblins
  2 quokkas
  8 ball pythons
  6 bats
  5 frilled lizards
  11 kobolds
  6 rats
61 creatures vanquished.

Notes
Turn   | Place    | Note
-------+----------+-------------------------------------------
     0 | D:1      | night the Kobold Hexslinger began the quest for the Orb.
     0 | D:1      | Reached XP level 1. HP: 12/12 MP: 2/2
   128 | D:1      | Reached XP level 2. HP: 16/16 MP: 3/3
   131 | D:1      | Learned a level 2 spell: Jinxbite
   140 | D:1      | Reached skill level 3 in Ranged Weapons
   985 | D:1      | Reached XP level 3. HP: 21/21 MP: 4/4
  1156 | D:2      | Reached skill level 2 in Fighting
  1463 | D:2      | Reached XP level 4. HP: 26/27 MP: 5/5
  1630 | D:2      | Found a snail-covered altar of Cheibriados.
  2103 | D:3      | Reached skill level 4 in Ranged Weapons
  2570 | D:3      | Learned a level 3 spell: Sigil of Binding
  2617 | D:3      | Noticed Sigmund
  2648 | D:3      | Slain by Sigmund

Illustrated notes

Levels and vault maps discovered:
D:1:      lemuel_arrival_cross, layout_basic, minmay_shallow_snake_nest
D:2:      layout_loops_ring, basic_altar, minmay_tromino_mix6
D:3:      layout_loops_ring, minivault_4, minmay_curled_crystal, uniq_sigmund

Skill      XL: |  1  2  3  4 |
---------------+-------------+-----
Ranged Weapons | 3 4 |  4.0
Fighting       | 2 |  2.8
Dodging        | |  2.4
Spellcasting   | |  1.1
Hexes          | |  3.7
Fire Magic     | |  1.0

Action                     |  1- 3 |  4- 6 || total
---------------------------+-------+-------++-------
   Fire: Sling             |    86 |    50 ||   136
   Cast: Jinxbite          |    12 |     5 ||    17
         Sigil of Binding  |       |     2 ||     2
 Armour: Robe              |    15 |    11 ||    26
  Dodge: Dodged            |    30 |    15 ||    45

Table legend: (Time is in decaauts)
 A = Elapsed time spent in this place.
 B = Non-inter-level travel time spent in this place.
 C = Inter-level travel time spent in this place.
 D = Time resting spent in this place.
 E = Time spent auto-exploring this place.
 F = Levels seen in this place.
 G = Mean time per level.
                   A        B        C        D        E       F      G
               +--------+--------+--------+--------+--------+-----+--------+
         Total |   2678 |   2609 |     69 |     22 |   2243 |   3 |  892.7 |
       Dungeon |   2678 |   2609 |     69 |     22 |   2243 |   3 |  892.7 |
               +--------+--------+--------+--------+--------+-----+--------+

Top non-repeatable levels by time:
     D:1: 1116 daAuts
     D:2: 981 daAuts
     D:3: 580 daAuts
